 Dungeon Crawl Stone Soup version 0.18.1-1-g2f07953 (webtiles) character file.

2081 oplop the Vexing (level 9, 0/39 HPs)
             Began as a Vine Stalker Enchanter on May 7, 2016.
             Was an Initiate of Dithmenos.
             Slain by Duvessa
             ... wielding a +0 short sword
              (9 damage)
             ... on level 6 of the Dungeon.
             The game lasted 00:17:46 (5853 turns).

oplop the Vexing (Vine Stalker Enchanter)           Turns: 5853, Time: 00:17:47

Health: 0/39       AC:  7    Str: 11    XL:     9   Next: 27%
Magic:  0/19       EV: 12    Int: 15    God:    Dithmenos [......]
Gold:   382        SH:  5    Dex: 18    Spells: 4 memorised, 12 levels left

rFire  . . .     SeeInvis .     z - +2 dagger (venom)
rCold  . . .     Gourm    .     b - +1 robe
rNeg   . . .     Faith    .     l - +0 buckler
rPois  .         Spirit   +     p - +0 helmet
rElec  .         Dismiss  .     m - +0 cloak
rCorr  .         Reflect  .     r - +0 pair of gloves
SustAt .         Harm     .     A - +0 pair of boots
MR     ++...                    (no amulet)
Stlth  ++++......               u - ring of stealth
                                t - ring of protection from magic

@: very resistant to hostile enchantments, stealthy
A: fangs 3, regeneration 2, magic shield, antimagic bite, no device heal 3, rot
immunity
a: Renounce Religion


You were on level 6 of the Dungeon.
You worshipped Dithmenos.
Dithmenos was noncommittal.
You were not hungry.

You visited 2 branches of the dungeon, and saw 7 of its levels.

You collected 382 gold pieces.

Inventory:

Hand Weapons
 a - a +1 dagger
 z - a +2 dagger of venom (weapon)
 C - a +0 blowgun
Missiles
 x - 60 poisoned needles
Armour
 b - a +1 robe (worn)
 l - a +0 buckler (worn)
 m - a +0 cloak (worn)
 p - a +0 helmet (worn)
 r - a +0 pair of gloves (worn)
 A - a +0 pair of boots (worn)
Jewellery
 t - a ring of protection from magic (left hand)
 u - a ring of stealth (right hand)
Scrolls
 i - 2 scrolls of recharging {unknown}
 k - 8 scrolls of remove curse
 n - a scroll of fog {unknown}
 o - a scroll of random uselessness {unknown}
 q - 2 scrolls of enchant weapon {unknown}
 s - a scroll of blinking
 v - 4 scrolls of identify {unknown}
 y - 4 scrolls of noise {unknown}
 H - a scroll of teleportation {unknown}
 I - a scroll of summoning {unknown}
 J - a scroll of enchant armour {unknown}
 M - a scroll of magic mapping {unknown}
Potions
 e - a potion of cure mutation {unknown}
 f - 2 potions of curing
 g - 4 potions of agility {unknown}
 h - a potion of lignification {unknown}
 j - 3 potions of degeneration {unknown}
 B - a potion of heal wounds {unknown}
 D - a potion of brilliance {unknown}
 F - 2 potions of berserk rage {unknown}
 K - a potion of flight {unknown}
 L - a potion of magic {unknown}
 N - a potion of haste {unknown}
Books
 c - a book of Maledictions

   Spells                             Type                      Level
   a - Corona                         Hexes                        1
   b - Ensorcelled Hibernation        Hexes/Ice                    2
   c - Confuse                        Hexes                        3
   d - Tukima's Dance                 Hexes                        3
   e - Dazzling Spray                 Conjuration/Hexes            3
Comestibles
 d - 4 bread rations
 w - 2 meat rations


   Skills:
 + Level 5.1 Short Blades
 - Level 1.5 Dodging
 - Level 3.6 Stealth
 - Level 4.0 Shields
 + Level 6.5 Spellcasting
 + Level 7.4 Hexes
 - Level 1.7 Ice Magic


You had 12 spell levels left.
You knew the following spells:

 Your Spells              Type           Power        Failure   Level  Hunger
a - Corona                Hex            ####...      1%          1    None
b - Ensorcelled Hibernat  Hex/Ice        ###...       3%          2    #......
c - Confuse               Hex            ####....     1%          3    ##.....
d - Tukima's Dance        Hex            ####....     1%          3    ##.....


Dungeon Overview and Level Annotations

Branches:
Dungeon (6/15)             Temple (1/1) D:6

Altars:
Ashenzari
Cheibriados
Dithmenos
Elyvilon
Fedhas
Gozag
Kikubaaqudgha
Makhleb
Nemelex Xobeh
Okawaru
Pakellas
Qazlal
Ru
Sif Muna
Trog
Vehumet
Xom
Yredelemnul
Zin

Annotations:
D:6 Dowan; Duvessa; Grinder; puimuR's ghost, novice TrWr


Innate Abilities, Weirdness & Mutations

You have razor-sharp teeth.
You heal very quickly.
When hurt, damage is shared between your health and your magic reserves.
Your bite disrupts and absorbs the magic of your enemies.
Potions and wands cannot restore your health.
You are immune to rotting.


Message History

Duvessa barely misses you.
You barely miss puimuR's ghost.
You bite puimuR's ghost, but do no damage.
PuimuR's ghost is severely damaged.
PuimuR's ghost hits you!
* * * LOW HITPOINT WARNING * * *
Casting: Confuse
Confirm with . or Enter, or press ? or * to list all spells.
Aiming: Confuse
Press: ? - help, Shift-Dir - straight line, f/p - puimuR's ghost
Aim: puimuR's ghost (severely damaged, confused, chance to defeat MR: 28%) Duvessa resists with some effort.
Duvessa hits you but does no damage.
Casting: Confuse
Confirm with . or Enter, or press ? or * to list all spells.
You don't have enough magic to cast that spell.
Unknown command.
You hit Duvessa. Your bite misses Duvessa.
Duvessa is heavily wounded.
Duvessa hits you with a short sword!
You die...

..###...e....##.#..#
#..######..#......## ########
##.## ##..###...#####......#
#..####....##..............#
#..##...##.#..##..##.......#
#..##.####...####.#........#
##.##.# ##....eW#.#.♣.♣....#
#.##.###..####e#....>.....# #
#....##..## #@##..♣.♣....#
###...###.## ##.#........###
#.........# #....#.######
.......#.### #...##.#
.###.......####.#..#.### .#
###...#.##...##.#...# .##
##..#....####..##.##
..#####......##.....##..####
....................###....######


You could see Duvessa, Dowan and puimuR's ghost (confused).

Vanquished Creatures
  The ghost of Yehuk the Protected, a novice GrFi (D:4)
  A wyvern (D:5)
  Eustachio (D:4)
  Edmund (D:4)
  A water moccasin (D:6)
  A black bear (D:6)
  5 ogres
  A phantom (D:6)
  A giant frog (D:6)
  2 scorpions
  2 howler monkeys (D:5)
  A giant frog zombie (D:6)
  2 hounds
  A crimson imp (D:6)
  A centaur skeleton (D:6)
  Crazy Yiuf (D:6)
  2 orc wizards (D:3)
  An iguana (D:6)
  Robin (D:3)
  10 adders
  A shadow imp (D:6)
  An ooze (D:6)
  2 worms (D:2)
  A dart slug (D:2)
  3 giant geckos
  9 orcs
  2 ball pythons
  6 giant cockroaches
  16 goblins
  7 hobgoblins
  10 jackals
  8 kobolds
  3 quokkas
  11 bats
  5 giant newts
  A jackal skeleton (D:6)
  14 rats
137 creatures vanquished.

Vanquished Creatures (collateral kills)
  Blork the orc (D:4)
  A giant gecko (D:4)
2 creatures vanquished.

Vanquished Creatures (others)
  2 dancing weapons
2 creatures vanquished.

Grand Total: 141 creatures vanquished

Notes
Turn   | Place    | Note
--------------------------------------------------------------
     0 | D:1      | oplop the Vine Stalker Enchanter began the quest for the Orb.
     0 | D:1      | Reached XP level 1. HP: 9/9 MP: 4/4
    19 | D:1      | Reached skill level 1 in Short Blades
   257 | D:1      | Reached XP level 2. HP: 13/13 MP: 4/6
   976 | D:1      | Reached XP level 3. HP: 16/16 MP: 7/7
  1266 | D:2      | Reached skill level 4 in Hexes
  1404 | D:2      | Found a white marble altar of Elyvilon.
  1692 | D:2      | Learned a level 3 spell: Confuse
  1703 | D:2      | Learned a level 2 spell: Ensorcelled Hibernation
  1731 | D:2      | Reached XP level 4. HP: 2/21 MP: 2/9
  1988 | D:3      | Found a shimmering altar of Xom.
  2047 | D:3      | Reached skill level 1 in Shields
  2050 | D:3      | Reached skill level 1 in Ice Magic
  2057 | D:3      | Noticed Robin
  2081 | D:3      | Reached XP level 5. HP: 18/24 MP: 4/10
  2105 | D:3      | Killed Robin
  2121 | D:3      | Found a radiant altar of Vehumet.
  3144 | D:4      | Noticed Edmund
  3146 | D:4      | Noticed Eustachio
  3186 | D:4      | Learned a level 3 spell: Tukima's Dance
  3240 | D:4      | Killed Edmund
  3240 | D:4      | Reached skill level 5 in Hexes
  3240 | D:4      | Gained mutation: You heal very quickly. [Vine Stalker growth]
  3240 | D:4      | Reached XP level 6. HP: 23/28 MP: 9/12
  3331 | D:4      | Killed Eustachio
  3331 | D:4      | Reached XP level 7. HP: 28/32 MP: 12/14
  3357 | D:4      | Noticed Blork the orc
  3364 | D:4      | Killed Blork the orc
  3394 | D:4      | Noticed Yehuk's ghost (novice GrFi)
  3604 | D:4      | Killed Yehuk's ghost
  3604 | D:4      | Gained mutation: You have razor-sharp teeth. [Vine Stalker growth]
  3604 | D:4      | Reached XP level 8. HP: 29/36 MP: 13/16
  3860 | D:5      | Entered Level 5 of the Dungeon
  3864 | D:5      | Found an oddly glowing altar of Pakellas.
  3879 | D:5      | Found an iron altar of Okawaru.
  4024 | D:5      | Reached skill level 6 in Hexes
  4057 | D:5      | Reached skill level 5 in Spellcasting
  4392 | D:5      | Noticed a wyvern
  4405 | D:5      | Killed a wyvern
  4725 | D:5      | Found a sacrificial altar of Ru.
  4923 | D:6      | Reached XP level 9. HP: 39/39 MP: 17/19
  4928 | D:6      | Reached skill level 7 in Hexes
  4949 | D:6      | Found a snail-covered altar of Cheibriados.
  4961 | D:6      | Found a deep blue altar of Sif Muna.
  5013 | D:6      | Found a staircase to the Ecumenical Temple.
  5043 | Temple   | Entered the Ecumenical Temple
  5244 | Temple   | Became a worshipper of Dithmenos the Shadowed
  5268 | D:6      | Noticed Dowan
  5270 | D:6      | Noticed Duvessa
  5271 | D:6      | Noticed puimuR's ghost (novice TrWr)
  5432 | D:6      | Reached skill level 5 in Short Blades
  5514 | D:6      | Found a burning altar of Makhleb.
  5591 | D:6      | Noticed Crazy Yiuf
  5612 | D:6      | Killed Crazy Yiuf
  5655 | D:6      | Noticed Grinder
  5853 | D:6      | Slain by Duvessa

Skill      XL: |  1  2  3  4  5  6  7  8  9 |
---------------+----------------------------+-----
Short Blades   | 1 2 3 4 5 |  5.1
Hexes          | 4 5 6 7 |  7.4
Spellcasting   | 3 4 6 |  6.5
Shields        | 1 2 3 4 |  4.0
Ice Magic      | 1 |  1.7
Dodging        | |  1.5
Stealth        | |  3.6

Action                   |  1- 3 |  4- 6 |  7- 9 || total
-------------------------+-------+-------+-------++-------
Melee: Dagger            |   186 |   159 |   202 ||   547
       Bite              |    43 |    44 |    78 ||   165
 Cast: Corona            |     4 |       |       ||     4
       Ensorcelled Hiber |       |     6 |     3 ||     9
       Confuse           |       |     4 |    27 ||    31
       Tukima's Dance    |       |     2 |     9 ||    11
  Use: Scroll            |     2 |       |       ||     2
 Stab: Sleeping          |     7 |    10 |     8 ||    25
       Confused          |       |     1 |    11 ||    12
       Distracted        |       |     2 |       ||     2
  Eat: Chunk             |     2 |     6 |     9 ||    17
       Fruit             |       |       |     2 ||     2
       Beef jerky        |       |       |     1 ||     1
Armor: Robe              |    62 |    60 |    38 ||   160
Dodge: Dodged            |   100 |    78 |    64 ||   242
Block: Buckler           |    20 |    26 |    37 ||    83
